Map: [ESL] Inside and Out

Players

PtitDrogo

  • Race: Protoss Protoss
  • Spawn Location: 7:00

Spirit - Winner!

  • Race: Terran Terran
  • Spawn Location: 1:00

Event: DreamHack SC2 Masters 2022 Atlanta (Online)

VOD

Have the link to the VOD?

Description

Time

  • Played on: Oct. 6, 2022, 12:14 p.m.
  • Length: 9:37

All games in this series

Show
View Real Time Build Order
Export as new Build Order

PtitDrogo Protoss 

Build Orders: 1 Gate Expand, Blink Stalkers 

Get SALT Encoding   

  12  0:00  Probe  
  13  0:12  Probe  
  14  0:16  Pylon  
  14  0:24  Probe (Chrono Boost)  
  15  0:36  Gateway, Probe (Chrono Boost)  
  16  0:43  Probe (Chrono Boost)  
  16  0:45  Assimilator  
  17  0:51  Probe  
  18  1:03  Probe  
  19  1:16  Probe  
  20  1:27  Cybernetics Core  
  21  1:36  Nexus  
  20  1:41  Pylon  
  20  1:45  Probe  
  21  1:51  Assimilator  
  21  1:57  Probe  
  21  2:01  Adept (Chrono Boost)  
  22  2:06  Warp Gate  
  24  2:10  Probe  
  24  2:21  Adept (Chrono Boost)  
  24  2:22  Probe  
  25  2:28  Twilight Council  
  27  2:34  Probe  
  28  2:42  Gateway  
  28  2:49  Probe (Chrono Boost)  
  28  2:51  Probe (Chrono Boost)  
  31  2:59  Blink (Chrono Boost)  
  31  3:00  Probe (Chrono Boost)  
  31  3:02  Probe (Chrono Boost)  
  32  3:10  Probe  
  33  3:13  Probe  
  32  3:22  Probe  
  32  3:25  Robotics Facility, Probe  
  34  3:34  Probe  
  34  3:37  Probe  
  36  3:42  Pylon  
  36  3:46  Probe  
  37  3:50  Probe  
  37  3:53  Stalker  
  37  3:54  Stalker  
  37  4:03  Probe  
  37  4:05  Probe  
  39  4:11  Gateway  
  39  4:12  Observer (Chrono Boost), Gateway  
  39  4:15  Probe  
  42  4:17  Probe  
  42  4:18  Stalker x2  
  46  4:29  Warp Prism (Chrono Boost)  
  46  4:30  Pylon  
  46  4:33  Probe  
  46  4:35  Probe  
  48  4:57  Probe  
  48  4:59  Probe  
  46  5:01  Stalker x2  
  50  5:09  Probe  
  50  5:11  Probe  
  52  5:16  Stalker x2  
  56  5:21  Probe  
  56  5:23  Probe  
  53  5:38  Stalker  
  53  5:39  Stalker  
  53  5:42  Stalker  
  58  5:44  Observer  
  58  5:46  Stalker  
  61  5:52  Probe  
  61  5:54  Pylon  
  62  6:12  Probe  
  62  6:15  Stalker x3  
  62  6:18  Probe  
  70  6:19  Assimilator  
  70  6:24  Probe  
  70  6:30  Probe  
  69  6:35  Nexus  
  69  6:36  Probe  
  69  6:38  Pylon  
  70  6:44  Charge (Chrono Boost)  
  70  6:50  Dark Shrine  
  70  6:51  Probe x2  
  67  7:02  Stalker x2  
  67  7:03  Probe x2  
  67  7:08  Stalker  
  73  7:15  Probe x2  
  75  7:25  Gateway, Stalker  
  75  7:26  Gateway  
  75  7:27  Probe  
  78  7:36  Pylon  
  78  7:38  Shield Battery  
  78  7:41  Shield Battery  
  78  7:46  Gateway  
  78  7:47  Probe x2  
  76  7:59  Probe x2  
  76  8:04  Dark Templar x3  
  80  8:09  Zealot  
  80  8:10  Probe  
  80  8:12  Gateway, Pylon  
  83  8:14  Pylon  
  79  8:21  Dark Templar  
  67  8:27  Zealot  
  67  8:31  Dark Templar  
  57  8:37  Probe  
  57  8:38  Zealot x3  
  59  8:45  Probe  
  45  8:49  Dark Templar  
  45  8:53  Zealot  
  49  8:58  Zealot x4  
  56  9:04  Dark Templar  
  58  9:10  Zealot  
  58  9:11  Shield Battery  
  58  9:17  Dark Templar  
  48  9:26  Zealot x3  
Show
View Real Time Build Order
Export as new Build Order

Spirit Terran - Winner!

Build Orders:  

Get SALT Encoding   

  12  0:00  SCV  
  13  0:12  SCV  
  14  0:18  Supply Depot  
  14  0:24  SCV  
  15  0:40  SCV  
  15  0:42  Barracks  
  16  0:52  SCV  
  16  0:54  Refinery  
  17  1:04  SCV  
  18  1:17  Engineering Bay  
  18  1:18  SCV  
  19  1:30  Marine  
  19  1:31  Orbital Command  
  20  1:42  Command Center  
  20  1:49  Barracks Reactor  
  20  1:56  Supply Depot  
  20  1:57  SCV  
  21  2:09  SCV  
  22  2:16  Factory  
  22  2:21  Refinery, SCV  
  23  2:25  Marine  
  23  2:26  Marine  
  25  2:33  SCV  
  26  2:43  Marine  
  26  2:44  Marine  
  28  2:45  SCV  
  29  2:55  Orbital Command  
  30  2:58  SCV  
  30  3:00  Starport  
  30  3:07  Hellion x2  
  32  3:15  SCV  
  32  3:21  SCV  
  33  3:28  SCV, Widow Mine x2  
  33  3:33  SCV  
  39  3:37  Medivac  
  39  3:39  Armory  
  39  3:40  SCV  
  42  3:42  Supply Depot  
  42  3:48  SCV  
  42  3:50  Widow Mine  
  42  3:52  SCV  
  46  3:59  Widow Mine  
  46  4:02  SCV  
  45  4:04  SCV  
  45  4:05  Supply Depot  
  46  4:11  Bunker, Widow Mine  
  46  4:13  Medivac  
  46  4:14  SCV  
  46  4:16  SCV  
  52  4:21  Widow Mine  
  54  4:24  Barracks Tech Lab  
  54  4:27  SCV  
  54  4:28  Barracks, SCV  
  56  4:32  Barracks  
  56  4:37  Refinery  
  56  4:38  Engineering Bay  
  56  4:39  SCV  
  56  4:41  SCV  
  58  4:51  SCV  
  59  4:53  SCV  
  59  4:56  Starport Tech Lab  
  56  5:03  Refinery, Siege Tank, Marine x2, SCV  
  62  5:08  Bunker  
  62  5:10  Bunker  
  62  5:11  Supply Depot, SCV  
  62  5:12  Supply Depot  
  61  5:15  SCV  
  60  5:21  Marine  
  60  5:28  SCV x2, Marine  
  62  5:29  Barracks Tech Lab  
  62  5:32  Barracks Tech Lab  
  56  5:35  Siege Tank  
  56  5:37  Missile Turret  
  56  5:39  Marine  
  56  5:40  SCV  
  56  5:41  Raven  
  64  5:50  Marine x2  
  64  5:51  Stimpack  
  64  5:52  Marine  
  64  5:56  Supply Depot  
  66  5:57  Marine  
  67  6:07  Siege Tank  
  67  6:08  Marine x2  
  67  6:09  Marine  
  71  6:13  Combat Shield  
  71  6:14  Marine  
  66  6:26  Marine x2  
  66  6:27  Marine  
  66  6:32  Marine  
  69  6:38  SCV  
  73  6:40  Siege Tank  
  73  6:44  Marine x2  
  73  6:45  Marine  
  76  6:50  Marine  
  76  6:53  Starport Reactor  
  74  7:00  SCV  
  74  7:02  Marine x2  
  74  7:03  Marine  
  74  7:05  Command Center  
  74  7:06  SCV  
  74  7:08  Marine  
  78  7:09  Terran Infantry Weapons Level 1  
  79  7:17  Barracks x2  
  79  7:24  Marauder, Marine  
  84  7:31  Concussive Shells, Medivac  
  84  7:32  Medivac  
  84  7:33  Supply Depot  
  84  7:35  Supply Depot  
  86  7:49  Marine  
  86  7:51  Marauder  
  86  7:52  Marauder, Marine  
  85  8:01  Medivac x2  
  85  8:03  SCV x2  
  91  8:07  Marine  
  91  8:10  Marine  
  93  8:15  SCV  
  93  8:16  SCV  
  90  8:20  Marine x2  
  87  8:31  Medivac  
  87  8:33  Marine x4  
  84  8:55  Orbital Command  
  83  8:58  Marine  
  83  9:02  Marine  
  85  9:07  Marine  
  86  9:13  Missile Turret  
  85  9:19  Marine x2  
Tags
 
Add a new tag
Caveats
  • Supply blocks, unpowered buildings, or Contaminate may cause inaccurate times.
  • Supply counts are checked every 10 seconds.